 Dungeon Crawl Stone Soup version 0.27-a0-1301-g128193abf8 (webtiles) character file.

Game seed: 7288315270240351308

21 funkygono the Shield-Bearer (level 3, 0/29 HPs)
             Began as a Formicid Fighter on June 17, 2021.
             Succumbed to an adder's poison
             ... on level 2 of the Dungeon.
             The game lasted 00:01:13 (995 turns).

funkygono the Shield-Bearer (Formicid Fighter)       Turns: 995, Time: 00:01:13

Health: 0/29       AC:  6    Str: 21    XL:     3   Next: 2%
Magic:  3/3        EV:  8    Int:  7    God:
Gold:   19         SH: 10    Dex: 10    Spells: 2/2 levels left

rFire    . . .     SeeInvis +   a - +0 flail
rCold    . . .     Faith    .   c - +1 kite shield
rNeg     . . .     Spirit   .   b - +0 scale mail
rPois    .         Reflect  .   (helmet unavailable)
rElec    .         Harm     .   (no cloak)
rCorr    .         Rampage  .   (no gloves)
Will     .....                  (no boots)
Stlth    ..........             (no amulet)
HPRegen  0.09/turn              (no ring)
MPRegen  0.08/turn              (no ring)

@: lethally poisoned (0 -> -4)
A: permanent stasis, dig shafts and tunnels, antennae 3, four strong arms
a: Dig, Shaft Self


You were on level 2 of the Dungeon.
You visited 1 branch of the dungeon, and saw 2 of its levels.

You collected 19 gold pieces.

Inventory:

Hand Weapons
 a - a +0 flail (weapon)
Missiles
 f - 7 bolts
 h - 6 atropa-tipped darts
Armour
 b - a +0 scale mail (worn)
 c - a +1 kite shield (worn)
Potions
 d - a potion of might


   Skills:
 + Level 3.5 Fighting
 + Level 2.3 Maces & Flails
 + Level 3.4 Armour
 + Level 0.1 Dodging
 + Level 4.0 Shields


You had 2 spell levels left.
You didn't know any spells.
Your spell library was empty.

Dungeon Overview and Level Annotations

Branches:
Dungeon (2/15)

Altars:

Shops:
D:2 (


Innate Abilities, Weirdness & Mutations

You cannot be hasted, slowed, berserked, paralysed or teleported.
You can dig through walls and to a lower floor.
You have a pair of large antennae on your head. (SInv)
Your four strong arms can wield two-handed weapons with a shield.


Message History

The adder is moderately wounded.
You feel sick. You block the adder's attack. The adder barely misses you.
You hit the adder but do no damage.
The adder is moderately wounded.
You feel sick. You block the adder's attack.
The adder bites you but does no damage.
You completely miss the adder.
The adder is moderately wounded.
You feel sick. You block the adder's attack. The adder bites you.
You are more poisoned.
The adder poisons you!
You barely miss the adder.
The adder is moderately wounded.
You feel sick. You block the adder's attack. x2
You closely miss the adder.
The adder is moderately wounded.
You feel sick. The adder completely misses you. The adder bites you.
You are more poisoned.
The adder poisons you!
Your scale mail prevents you from hitting the adder.
The adder is moderately wounded.
You feel sick. You block the adder's attack.
You hit the adder.
The adder is almost dead.
You feel very sick. You block the adder's attack. The adder bites you.
* * * LOW HITPOINT WARNING * * *
You are lethally poisoned!
The adder poisons you!
You closely miss the adder.
The adder is almost dead.
* * * LOW HITPOINT WARNING * * *
You feel sick. You block the adder's attack. x2
You miss the adder.
The adder is almost dead.
* * * LOW HITPOINT WARNING * * *
You feel sick. You block the adder's attack. x2
You closely miss the adder.
The adder is almost dead.
You die...

#.# #.# .. #.#
#.##. #.. .....
#.# .....##.# ...
......#S# #.#
#..@# #.#
...##.∩.# #.#
........# #.#
......#.# #.#
.....##.#####.####
..... #......<...#
.... #.##########
.... ...#
.....####


You could see an adder.

Vanquished Creatures
  2 dart slugs (D:1)
  3 ball pythons (D:1)
  2 endoplasms (D:1)
  A giant cockroach (D:1)
  2 goblins (D:1)
  2 hobgoblins (D:1)
  A frilled lizard (D:1)
  A kobold (D:1)
  A rat (D:1)
15 creatures vanquished.

Notes
Turn   | Place    | Note
-------+----------+-------------------------------------------
     0 | D:1      | funkygono the Formicid Fighter began the quest for the Orb.
     0 | D:1      | Reached XP level 1. HP: 18/18 MP: 1/1
   236 | D:1      | Reached XP level 2. HP: 23/24 MP: 2/2
   359 | D:1      | Reached skill level 4 in Shields
   751 | D:1      | Reached XP level 3. HP: 26/29 MP: 3/3
   978 | D:2      | Found Maqe's Antique Weapon Shop.
   995 | D:2      | Succumbed to an adder's poison

Illustrated notes

Levels and vault maps discovered:
D:1:      saegor_arrival_under_anarchy, layout_loops_ring
D:2:      layout_basic, shapermc_ecumenical_altar_gd, serial_shops, shop,
          nicolae_shop_stone

Skill      XL: |  1  2 |
---------------+-------+-----
Shields        | 4 |  4.0
Fighting       | |  3.5
Maces & Flails | |  2.3
Armour         | |  3.4
Dodging        | |  0.1

Action                   || total
-------------------------++-------
Melee: Flail             ||    56
  Use: Scroll            ||     2
Armor: Scale mail        ||    11
Dodge: Dodged            ||    17
Block: Kite shield       ||    35

Table legend: (Time is in decaauts)
 A = Elapsed time spent in this place.
 B = Non-inter-level travel time spent in this place.
 C = Inter-level travel time spent in this place.
 D = Time resting spent in this place.
 E = Time spent auto-exploring this place.
 F = Levels seen in this place.
 G = Mean time per level.
                   A        B        C        D        E       F      G
               +--------+--------+--------+--------+--------+-----+--------+
         Total |   1019 |    991 |     28 |      0 |    822 |   2 |  509.5 |
       Dungeon |   1019 |    991 |     28 |      0 |    822 |   2 |  509.5 |
               +--------+--------+--------+--------+--------+-----+--------+

Top non-repeatable levels by time:
     D:1: 993 daAuts
     D:2: 26 daAuts
